 Dungeon Crawl Stone Soup version 0.29-a0-275-g389c0b56f3 (webtiles) character file.

Game seed: 1157623455532612234

690 sammy202020 the Ruffian (level 7, 0/68 (70) HPs)
             Began as a Troll Fighter on Mar 13, 2022.
             Was a Follower of Okawaru.
             Splashed by a jelly's acid (6 damage)
             ... on level 5 of the Dungeon.
             The game lasted 00:08:43 (3568 turns).

sammy202020 the Ruffian (Troll Fighter)             Turns: 3568, Time: 00:08:44

HP:   0/68 (70)     AC: -2    Str: 25    XL:     7   Next: 36%
MP:   4/6           EV: 11    Int:  6    God:    Okawaru [*.....]
Gold: 353           SH:  9    Dex:  9    Spells: 6/6 levels left

rFire   . . .      SeeInvis .     - Unarmed
rCold   . . .      Faith    .   b - +0 kite shield
rNeg    . . .      Spirit   .   a - +0 robe
rPois   .          Reflect  .   (helmet restricted)
rElec   .          Harm     .   u - +0 cloak
rCorr   .          Rampage  .   (gloves unavailable)
Will    .....                   (boots unavailable)
Stlth   +++.......              (no amulet)
HPRegen 1.01/turn               (no ring)
MPRegen 0.10/turn               (no ring)

@: heroic, corroded, lightly drained
A: large, unfitting armour, claws 3, regeneration 1, shaggy fur 1, tough skin 1
a: Renounce Religion, Heroism


You were on level 5 of the Dungeon.
You worshipped Okawaru.
Okawaru was aware of your devotion.
You visited 2 branches of the dungeon, and saw 6 of its levels.

You collected 353 gold pieces.

Inventory:

Hand Weapons
 h - a +1 hand axe of flaming
Missiles
 g - 3 javelins (quivered)
Armour
 a - a +0 robe (worn)
 b - a +0 kite shield (worn)
 u - a +0 cloak (worn)
Wands
 c - a wand of acid (10)
 z - a wand of iceblast (4)
Scrolls
 d - a scroll of fog {unknown}
 f - 7 scrolls of teleportation
 p - 2 scrolls of blinking {unknown}
 q - a scroll of fear {unknown}
 r - a scroll of immolation {unknown}
 s - 2 scrolls of enchant armour {unknown}
 t - a scroll of noise {unknown}
 w - 2 scrolls of magic mapping
 x - a scroll of amnesia {unknown}
 y - a scroll of identify {unknown}
Potions
 e - 2 potions of haste {unknown}
 i - 2 potions of brilliance {unknown}
 j - a potion of heal wounds {unknown}
 k - a potion of flight {unknown}
 l - a potion of invisibility {unknown}
 m - a potion of degeneration {unknown}
 n - a potion of curing {unknown}
 o - a potion of attraction {unknown}
 v - a potion of berserk rage {unknown}


   Skills:
 * Level 4.1(9.1) Fighting
 + Level 1.6(6.6) Axes
 * Level 4.0(9.0) Dodging
 * Level 3.9(8.9) Shields
 * Level 4.2(9.2) Unarmed Combat


You had 6 spell levels left.
You didn't know any spells.
Your spell library contained the following spells:

 Spells                   Type           Power      Damage    Failure   Level
 Pain                     Necr           0%         1d4       67%         1
 Slow                     Hex            0%         N/A       67%         1
 Confusing Touch          Hex            0%         N/A       96%         3
 Vampiric Draining        Necr           0%         2d6       96%         3
 Animate Skeleton         Necr           Unusable   N/A       N/A         1
 Summon Small Mammal      Summ           Unusable   N/A       N/A         1
 Call Canine Familiar     Summ           Unusable   N/A       N/A         3
 Summon Guardian Golem    Hex/Summ       Unusable   N/A       N/A         3

Dungeon Overview and Level Annotations

Branches:
Dungeon (5/15)             Temple (1/1) D:4

Altars:
Dithmenos
Fedhas
Gozag
Kikubaaqudgha
Makhleb
Nemelex Xobeh
Okawaru
Qazlal
Ru
Sif Muna
Trog
Vehumet
Xom
Yredelemnul
The Shining One

Shops:
D:3 (

Annotations:
D:5 Grinder


Innate Abilities, Weirdness & Mutations

You are too large for most types of armour.
You have claws for hands.
Your natural rate of healing is unusually fast.
You are covered in fur. (AC +1)
You have tough skin. (AC +1)


Message History

You barely miss Grinder.
Grinder is moderately wounded.
Grinder gestures at you.
You suddenly lose the ability to move!
Grinder completely misses you. Grinder hits you!
You writhe in agony.
Grinder hits you but does no damage.
You can move again.
You closely miss Grinder.
Grinder is moderately wounded.
A jelly comes into view.
Grinder barely misses you.
The jelly quivers.
Grinder says, "Mostly I couldn't keep them alive."
Grinder gestures at you.
You struggle to resist.
The jelly attacks as you move away! The jelly hits you. The acid corrodes you!
You are splashed with acid.
You scratch the jelly.
Your claws burn!
The jelly is lightly wounded.
The jelly hits you.
You are splashed with acid!
Grinder blinks!
Okay, then.
Okay, then.
You gain the combat prowess of a mighty hero.
You block the jelly's attack. Grinder hits you!
* * * LOW HITPOINT WARNING * * *
You writhe in agony.
* * * LOW HITPOINT WARNING * * *
You claw Grinder!
Grinder is heavily wounded.
You block the jelly's attack. Grinder hits you!
* * * LOW HITPOINT WARNING * * *
You writhe in agony.
* * * LOW HITPOINT WARNING * * *
You mangle Grinder!!
Grinder is almost dead.
The jelly hits you.
* * * LOW HITPOINT WARNING * * *
The acid corrodes you!
You are splashed with acid.
You die...

#.#.#.### #...... ####.###
...## ##.....> #.....##. #...#
.. #<#..... #...(###..##. ...#
.## #.##.... ..## #####.#.#
... ..####.# ###. ###.....#..#
..##.##...# # ###.......##..#
..#.##.#.##
##..........##..###†#..###..##
#)..........(##5@JO.#..#
##..##
#.............####.....#
##..##
##...............#####.#
##..## #...............# ##.##
#.... #.........).....# #...#
###..
#...............####...## ##.
##...............##.....# #..
# #...........##..##.....#
##.#
####..........##..##....##
##..#


You could see Grinder, an ogre and a jelly.

Vanquished Creatures
  Menkaure (D:5)
  A necrophage (D:5)
  2 scorpions
  A jelly (D:5)
  2 orc priests
  A gnoll shaman (D:5)
  Terence (D:2)
  3 orc wizards
  2 adders
  5 gnolls (D:5)
  A shadow imp (D:5)
  A white imp (D:5)
  2 dart slugs
  6 orcs
  7 bats
  6 endoplasms
  5 giant cockroaches
  10 goblins
  4 hobgoblins
  10 kobolds
  4 quokkas (D:1)
  5 ball pythons
  4 frilled lizards
  7 rats
91 creatures vanquished.

Notes
Turn   | Place    | Note
-------+----------+-------------------------------------------
     0 | D:1      | sammy202020 the Troll Fighter began the quest for the Orb.
     0 | D:1      | Reached XP level 1. HP: 22/22 MP: 0/0
    41 | D:1      | Reached XP level 2. HP: 29/29 MP: 1/1
   285 | D:1      | Found a faded altar of an unknown god.
   413 | D:1      | Reached XP level 3. HP: 32/36 MP: 2/2
   558 | D:1      | Noticed a troll
   675 | D:2      | Noticed Terence
   685 | D:2      | Killed Terence
   810 | D:2      | Reached XP level 4. HP: 45/45 MP: 3/3
  1250 | D:3      | Found Foseeq's Weapon Emporium.
  1277 | D:3      | Noticed a scorpion
  1291 | D:3      | Killed a scorpion
  1292 | D:3      | Reached XP level 5. HP: 14/53 MP: 4/4
  1612 | D:3      | Found a burning altar of Makhleb.
  1614 | D:3      | Noticed a cacodemon
  1679 | D:3      | Found an opulent altar of Gozag.
  1895 | D:4      | Found a staircase to the Ecumenical Temple.
  1911 | Temple   | Entered the Ecumenical Temple
  1969 | Temple   | Became a worshipper of Warmaster Okawaru
  2055 | D:4      | Found a sacrificial altar of Ru.
  2328 | D:4      | Reached skill level 1 in Axes
  2722 | D:4      | Reached XP level 6. HP: 61/61 MP: 5/5
  3017 | D:5      | Entered Level 5 of the Dungeon
  3341 | D:5      | Reached * piety under Okawaru
  3368 | D:5      | Noticed Menkaure
  3378 | D:5      | Killed Menkaure
  3379 | D:5      | Reached XP level 7. HP: 11/68 MP: 3/6
  3545 | D:5      | Noticed Grinder
  3557 | D:5      | Paralysed by Grinder for 4 turns
  3568 | D:5      | Splashed by a jelly's acid

Illustrated notes

Levels and vault maps discovered:
D:1:      erik_arrival_cave_to_civilisation [erik_arrival_cave_to_temple],
          layout_rooms, chequers_ecumenical_altar_simple
D:2:      layout_loops_cross, uniq_terence
D:3:      layout_basic, makhleb_altar_promises_db, lemuel_round_altar,
          serial_shops, nicolae_diamond_shop
D:4:      layout_layer_cave, nicolae_ru_great_annihilating_truth,
          minmay_temple_entry_offerings, kennysheep_diamond
D:5:      minmay_evil_eye, layout_cave_pods, minmay_holes, uniq_grinder,
          uniq_menkaure
Temple:   nicolae_temple_hex_pool

Skill      XL: |  1  2  3  4  5  6  7 |
---------------+----------------------+-----
Fighting       | 3 4 |  4.1
Dodging        | 3 4 |  4.0
Shields        | 3 |  3.9
Unarmed Combat | 3 4 |  4.2
Axes           | 1 |  1.6

Action                   |  1- 3 |  4- 6 |  7- 9 || total
-------------------------+-------+-------+-------++-------
Melee: Unarmed           |    80 |   127 |    41 ||   248
Throw: Javelin           |       |     2 |       ||     2
Invok: Heroism           |       |     1 |     1 ||     2
  Use: Scroll            |     2 |       |       ||     2
       Potion            |       |     1 |       ||     1
 Stab: Sleeping          |       |     1 |       ||     1
Armor: Robe              |    26 |    23 |    13 ||    62
Dodge: Dodged            |    19 |    32 |    19 ||    70
Block: Kite shield       |    26 |    39 |    18 ||    83

Table legend: (Time is in decaauts)
 A = Elapsed time spent in this place.
 B = Non-inter-level travel time spent in this place.
 C = Inter-level travel time spent in this place.
 D = Time resting spent in this place.
 E = Time spent auto-exploring this place.
 F = Levels seen in this place.
 G = Mean time per level.
                   A        B        C        D        E       F      G
               +--------+--------+--------+--------+--------+-----+--------+
         Total |   3586 |   3551 |     35 |     50 |   2580 |   6 |  597.7 |
       Dungeon |   3491 |   3456 |     35 |     50 |   2580 |   5 |  698.2 |
        Temple |     94 |     94 |      0 |      0 |      0 |   1 |   94.0 |
               +--------+--------+--------+--------+--------+-----+--------+

Top non-repeatable levels by time:
     D:4: 1159 daAuts
     D:1: 626 daAuts
     D:2: 608 daAuts
     D:5: 554 daAuts
     D:3: 542 daAuts
  Temple: 94 daAuts
